 Dungeon Crawl Stone Soup version 0.28.0-47-ge53b351184 (webtiles) character file.

Game seed: 16484633079326648963

3821 Bruhh the Thaumaturge (level 10, -2/75 HPs)
             Began as a Djinni Fire Elementalist on Apr 30, 2022.
             Slain by a yak (16 damage)
             ... on level 7 of the Dungeon.
             The game lasted 00:10:09 (9922 turns).

Bruhh the Thaumaturge (Djinni Fire Elementalist)    Turns: 9922, Time: 00:10:15

Health: -2/75      AC:  3    Str:  7    XL:     10   Next: 40%
Gold:   351        EV: 12    Int: 21    God:
                   SH:  0    Dex: 14

rFire   + + .      SeeInvis .   (no weapon)
rCold   x . .      Faith    .   (no shield)
rNeg    . . .      Spirit   .   a - +0 robe
rPois   ∞          Reflect  .   (no helmet)
rElec   .          Harm     .   l - +0 cloak
rCorr   .          Rampage  .   (no gloves)
Will    +....                   (boots unavailable)
Stlth   ++........              (no amulet)
HPRegen 0.22/turn               (no ring)
MPRegen 0.00/turn               (no ring)

@: flying
A: sickness immunity, fire resistance 2, cold vulnerability 1, float, innate
caster, HP casting, extra vitality 1
a: no special abilities


You were on level 7 of the Dungeon.
You visited 1 branch of the dungeon, and saw 7 of its levels.

You collected 351 gold pieces.

Inventory:

Missiles
 m - 5 throwing nets
Armour
 a - a +0 robe (worn)
 l - a +0 cloak (worn)
Jewellery
 x - a ring of resist corrosion
 A - an amulet of reflection
 B - a ring of positive energy
Wands
 i - a wand of paralysis (8)
 k - a wand of acid (9)
 p - a wand of polymorph (7)
 z - a wand of digging (6)
 C - a wand of flame (3)
Scrolls
 c - 12 scrolls of identify {unknown}
 d - 2 scrolls of amnesia {unknown}
 f - a scroll of fog {unknown}
 n - a scroll of enchant weapon {unknown}
 r - a scroll of brand weapon {unknown}
 s - 4 scrolls of teleportation {unknown}
 t - a scroll of summoning {unknown}
 w - 2 scrolls of blinking {unknown}
 y - a scroll of noise {unknown}
Potions
 b - 3 potions of brilliance {unknown}
 e - 2 potions of attraction {unknown}
 g - a potion of lignification {unknown}
 h - 4 potions of curing {unknown}
 j - 2 potions of mutation {unknown}
 o - 2 potions of might {unknown}
 q - 2 potions of flight {unknown}
 u - a potion of magic {unknown}
 v - 2 potions of experience {unknown}


   Skills:
 + Level 7.3 Fighting
 + Level 7.3 Armour
 - Level 2.1 Dodging
 - Level 1.5 Stealth
 - Level 8.0 Spellcasting


You had 3 spell levels left.
You knew the following spells:

 Your Spells              Type           Power      Damage    Failure   Level
a - Foxfire               Conj/Fire      100%       2x1d9     1%          1
b - Scorch                Fire           84%        2d9       1%          2
c - Conjure Flame         Conj/Fire      42%        6-21      1%          3
d - Inner Flame           Hex/Fire       42%        N/A       1%          3
e - Flame Wave            Conj/Fire      42%        2d9       3%          4
f - Shock                 Conj/Air       100%       1d9       1%          1
g - Ensorcelled Hibernat  Hex/Ice        84%        N/A       1%          2
h - Stone Arrow           Conj/Erth      84%        3d12      1%          3
i - Call Canine Familiar  Summ           42%        N/A       1%          3
Your spell library was empty.

Dungeon Overview and Level Annotations

Branches:
Dungeon (7/15)             Temple (0/1) D:5

Altars:
Trog
Vehumet

Annotations:
D:3 1 runed translucent door, jaiteiro's ghost, amateur GnEE


Innate Abilities, Weirdness & Mutations

You are immune to sickness and miasma.
You are immune to poison.
Your flesh is very heat resistant. (rF++)
You are vulnerable to cold. (rC-)
You float through the air rather than walking.
You learn spells naturally, not from books.
Your magical power is your life essence.
You have superior vitality. (+4 MHP)


Message History

The yak is lightly wounded.
A yak comes into view.
The stone arrow hits the yak!!
The yak is severely wounded.
The yak barely misses you.
The stone arrow hits the yak!
You kill the yak!
The stone arrow misses the yak.
The stone arrow hits the yak!!
The yak is heavily wounded.
The yak closely misses you.
The stone arrow hits the yak!!
You kill the yak!
The yak gores you!
You are too injured to fight recklessly!
You are too injured to fight recklessly!
Casting: Stone Arrow (safe; 1% risk of failure)
Confirm with . or Enter, or press ? or * to list all spells.
Aiming: Stone Arrow (safe; 1% risk of failure)
Press: ? - help, Shift-Dir - straight line, f - yak
Aim: a yak (85% to hit)
The stone arrow hits the yak!!
The yak is severely wounded.
The yak barely misses you.
Casting: Stone Arrow (safe; 1% risk of failure)
Confirm with . or Enter, or press ? or * to list all spells.
Aiming: Stone Arrow (safe; 1% risk of failure)
Press: ? - help, Shift-Dir - straight line, f/p - yak
Aim: a yak (severely wounded, 85% to hit)
The stone arrow misses the yak.
The yak gores you!
* * * LOW HITPOINT WARNING * * *
Casting: Stone Arrow (safe; 1% risk of failure)
Confirm with . or Enter, or press ? or * to list all spells.
Aiming: Stone Arrow (safe; 1% risk of failure)
Press: ? - help, Shift-Dir - straight line, f/p - yak
Aim: a yak (severely wounded, 85% to hit)
The stone arrow hits the yak!
The yak is almost dead.
* * * LOW HITPOINT WARNING * * *
The yak gores you!
You die...

#################
#.........@Y†...#
#..####.#.#.###.#
#..####.#.#.###
#..#....[......
#..#.##.#.#.###
#.......#.#.#
#............
#.##.##.######
#.##.##.#


You could see a yak.

Vanquished Creatures
  Harold (D:7)
  Pikel (D:7)
  Grinder (D:3)
  3 yaks (D:7)
  Edmund (D:5)
  Menkaure (D:7)
  2 water moccasins
  A sky beast (D:5)
  An ice beast (D:6)
  A black bear (D:6)
  4 ogres
  A centaur (D:7)
  Blork the orc (D:5)
  A scorpion (D:6)
  A wyvern skeleton (D:4)
  A water moccasin skeleton (D:5)
  A howler monkey (D:4)
  2 hounds (D:6)
  2 orc priests (D:6)
  A jelly (D:5)
  A centaur skeleton (D:6)
  Crazy Yiuf (D:2)
  4 iguanas (D:5)
  Jessica (D:2)
  2 orc wizards
  A howler monkey zombie (D:7)
  Robin (D:3)
  7 gnolls
  A howler monkey skeleton (D:3)
  9 adders
  A shadow imp (D:7)
  3 white imps (D:6)
  2 ufetubi
  An adder skeleton (D:4)
  4 worms
  3 dart slugs
  16 orcs
  3 bats
  9 endoplasms
  6 giant cockroaches
  10 goblins
  11 hobgoblins
  4 jackals (D:2)
  4 quokkas
  10 ball pythons
  2 frilled lizards
  4 kobolds
  11 rats
160 creatures vanquished.

Vanquished Creatures (others)
  36 foxfires (D:1)
36 creatures vanquished.

Grand Total: 196 creatures vanquished

Notes
Turn   | Place    | Note
-------+----------+-------------------------------------------
     0 | D:1      | Bruhh the Djinni Fire Elementalist began the quest for the
                  | Orb.
     0 | D:1      | Reached XP level 1. HP: 15/15 MP: 0/0
   406 | D:1      | Reached XP level 2. HP: 14/21 MP: 0/0
   615 | D:1      | Found a faded altar of an unknown god.
   747 | D:1      | Reached skill level 3 in Spellcasting
  1188 | D:2      | Noticed Jessica
  1192 | D:2      | Killed Jessica
  1193 | D:2      | Reached XP level 3. HP: 18/25 MP: 0/0
  1193 | D:2      | Learned a level 1 spell: Shock
  1407 | D:2      | Reached XP level 4. HP: 26/31 MP: 0/0
  1953 | D:2      | Found a runed translucent door.
  1954 | D:2      | Noticed Crazy Yiuf
  2317 | D:2      | Killed Crazy Yiuf
  2318 | D:2      | Reached skill level 4 in Spellcasting
  2423 | D:3      | Reached XP level 5. HP: 25/35 MP: 0/0
  2423 | D:3      | Learned a level 2 spell: Ensorcelled Hibernation
  2431 | D:3      | Noticed Grinder
  2893 | D:3      | Killed Grinder
  2894 | D:3      | Reached skill level 5 in Spellcasting
  2894 | D:3      | Reached XP level 6. HP: 21/40 MP: 0/0
  3260 | D:3      | Found a runed translucent door.
  3260 | D:3      | Noticed jaiteiro's ghost (amateur GnEE)
  3367 | D:3      | Noticed Robin
  3407 | D:3      | Killed Robin
  3408 | D:3      | Reached XP level 7. HP: 31/45 MP: 0/0
  3408 | D:3      | Learned a level 3 spell: Stone Arrow
  4863 | D:4      | Reached skill level 6 in Spellcasting
  6611 | D:5      | Entered Level 5 of the Dungeon
  6612 | D:5      | Noticed Edmund
  6617 | D:5      | Reached XP level 8. HP: 41/50 MP: 0/0
  6620 | D:5      | Killed Edmund
  6621 | D:5      | Reached skill level 7 in Spellcasting
  6880 | D:5      | Found a staircase to the Ecumenical Temple.
  7094 | D:5      | Noticed Blork the orc
  7097 | D:5      | Killed Blork the orc
  7287 | D:5      | Reached skill level 8 in Spellcasting
  7287 | D:5      | Reached skill level 1 in Fighting
  7287 | D:5      | Reached skill level 1 in Armour
  7769 | D:5      | Reached XP level 9. HP: 51/58 MP: 0/0
  7769 | D:5      | Learned a level 3 spell: Call Canine Familiar
  7844 | D:5      | Noticed a moth of wrath
  7848 | D:5      | Found a bloodstained altar of Trog.
  9534 | D:7      | Noticed Harold
  9540 | D:7      | Killed Harold
  9541 | D:7      | Reached skill level 5 in Fighting
  9541 | D:7      | Reached skill level 5 in Armour
  9541 | D:7      | Reached XP level 10. HP: 60/72 MP: 0/0
  9649 | D:7      | Noticed Menkaure
  9679 | D:7      | Killed Menkaure
  9689 | D:7      | Noticed Pikel
  9694 | D:7      | Killed Pikel
  9922 | D:7      | Slain by a yak

Illustrated notes

Levels and vault maps discovered:
D:1:      sevenhm_arrival_forest_fort_large_2, layout_rooms,
          shapermc_ecumenical_altar_petra
D:2:      layout_basic, uniq_crazy_yiuf_cottage, uniq_jessica
D:3:      minmay_octagon_keep, layout_basic, ebering_ghost_inner_flame,
          chequers_serial_rivers_micro_e, minmay_crystal_room,
          patterned_corridor, uniq_grinder, uniq_robin
D:4:      minmay_opposing_rooms, layout_basic, grunt_ministairs_5
D:5:      layout_cave_pods, tgw_trog, lemuel_round_altar,
          minmay_temple_entry_statues_fountains, uniq_edmund, uniq_blork_the_orc
D:6:      layout_gridville
D:7:      layout_loops_cross, grunt_ministairs_4, uniq_pikel, uniq_menkaure,
          uniq_duvessa, uniq_harold

Skill      XL: |  1  2  3  4  5  6  7  8  9 10 |
---------------+-------------------------------+-----
Spellcasting   | 3 4 5 6 8 |  8.0
Fighting       | 2 5 7 |  7.3
Armour         | 2 5 7 |  7.3
Dodging        | |  2.1
Stealth        | |  1.5

Action                   |  1- 3 |  4- 6 |  7- 9 | 10-12 || total
-------------------------+-------+-------+-------+-------++-------
Melee: Unarmed           |       |       |     2 |       ||     2
 Cast: Foxfire           |    19 |       |       |       ||    19
       Scorch            |    18 |    37 |     1 |       ||    56
       Inner Flame       |       |     3 |    11 |     3 ||    17
       Stone Arrow       |       |       |   143 |    20 ||   163
       Ensorcelled Hiber |       |       |     2 |       ||     2
       Shock             |       |       |     3 |       ||     3
Armor: Robe              |       |       |    10 |       ||    10
Dodge: Dodged            |     2 |     7 |    18 |     7 ||    34
